AoeStats
← dice

Arena

509568524Analyzed
2v2 RM · 4d ago on Sep 27, 2026· 73m 29s· 4 players
Game mode
Random Map
Map size
Medium (4 player)
Population
200
Speed
Normal
Resources
Standard
Victory
Conquest
Starting age
Dark Age
Ending age
Imperial Age
RankedLock teamsTeams togetherTeam positionsShared explorationLock speedFull tech treeHidden civsTurbo modeCheats
Victory
Defeat
🇨🇳 Spanish · China
1169
+15
🇨🇳 Italians · China
1081
+18
🇹🇼 Portuguese · Taiwan
1154
-17
🇹🇼 Persians · Taiwan
1130
-16
bm489
11:07 Feudal Age
15:06 Castle Age
12:53 Double-Bit Axe
13:14 Horse Collar
17:17 Bow Saw
21:15 Heavy Plow
24:03 Wheelbarrow
27:13 Imperial Age
24:56 Gold Mining
24:57 Stone Mining
25:47 Hand Cart
25:39 Treadmill Crane
28:06 Fortified Wall
28:25 Conscription
29:16 Two-Man Saw
28:42 Fletching
28:25 Crossbowman
29:30 Ballistics
29:25 Bodkin Arrow
29:35 Arbalester
30:55 Crop Rotation
32:22 Chemistry
32:25 Thumb Ring
32:42 Bracer
32:42 Padded Archer Armor
34:31 Leather Archer Armor
35:40 Ring Archer Armor
36:02 Siege Engineers
35:54 Murder Holes
38:21 Hand Cart
40:30 Husbandry
39:51 Light Cavalry
41:49 Scale Barding Armor
41:56 Bloodlines
42:01 Cavalier
42:26 Elite Skirmisher
48:50 Chain Barding Armor
50:45 Plate Barding Armor
50:21 Forging
55:02 Capped Ram
58:25 Iron Casting
59:48 Pikeman
62:23 Blast Furnace
61:23 Scale Mail Armor
62:06 Halberdier
64:32 Chain Mail Armor
66:49 Plate Mail Armor
dice
11:30 Feudal Age
15:14 Castle Age
13:33 Horse Collar
15:11 Double-Bit Axe
16:45 Bow Saw
16:38 Heavy Plow
27:20 Wheelbarrow
31:08 Imperial Age
29:03 Hand Cart
28:35 Loom
29:14 Husbandry
29:25 Bloodlines
29:18 Fletching
30:29 Scale Barding Armor
30:35 Forging
30:22 Gold Mining
32:08 Chain Barding Armor
32:59 Iron Casting
33:05 Gold Shaft Mining
34:32 Conscription
33:50 Cavalier
35:07 Plate Barding Armor
37:27 Chemistry
37:29 Kamandaran
37:56 Padded Archer Armor
37:52 Bodkin Arrow
39:03 Thumb Ring
38:18 Crossbowman
40:14 Blast Furnace
40:55 Crop Rotation
41:26 Two-Man Saw
41:43 Padded Archer Armor
41:08 Light Cavalry
43:13 Ballistics
43:23 Hussar
46:36 Leather Archer Armor
53:28 Ring Archer Armor
59:25 Caravan
61:49 Savar
70:30 Masonry
70:19 Murder Holes
70:47 Capped Ram
旺财
11:59 Feudal Age
12:30 Double-Bit Axe
12:49 Horse Collar
14:13 Loom
17:10 Castle Age
15:33 Fletching
15:51 Scale Barding Armor
15:53 Stone Mining
16:23 Fletching
18:40 Gold Mining
22:39 Bow Saw
24:34 Wheelbarrow
26:31 Bloodlines
27:30 Heavy Plow
32:15 Imperial Age
30:12 Squires
30:24 Forging
29:47 Pikeman
30:50 Ballistics
31:04 Sanctity
30:51 Husbandry
31:46 Bodkin Arrow
32:11 Chain Barding Armor
32:45 Halberdier
34:55 Chemistry
33:52 Murder Holes
34:44 Iron Casting
34:10 Scale Mail Armor
34:33 Masonry
35:35 Plate Barding Armor
35:22 Conscription
34:26 Light Cavalry
37:38 Blast Furnace
36:53 Chain Mail Armor
36:09 Cavalier
41:24 Plate Mail Armor
40:55 Padded Archer Armor
40:55 Bracer
41:29 Architecture
41:23 Inquisition
41:45 Block Printing
42:07 Theocracy
41:58 Illumination
41:45 Redemption
41:45 Fervor
42:40 Elite Skirmisher
45:54 Elite Conquistador
47:31 Leather Archer Armor
49:05 Ring Archer Armor
48:02 Hussar
52:09 Two-Man Saw
54:23 Paladin
56:28 Hand Cart
61:55 Town Watch
62:48 Hoardings
285066173
9:45 Feudal Age
8:01 Loom
13:25 Castle Age
12:22 Double-Bit Axe
18:55 Wheelbarrow
25:14 Hand Cart
27:59 Imperial Age
25:21 Horse Collar
26:06 Loom
26:15 Fletching
26:26 Padded Archer Armor
27:12 Ballistics
26:52 Bodkin Arrow
27:19 Bow Saw
29:40 Chemistry
30:00 Two-Man Saw
29:04 Heavy Plow
29:27 Squires
29:29 Scale Mail Armor
29:40 Forging
31:54 Iron Casting
32:35 Chain Mail Armor
33:49 Blast Furnace
34:01 Plate Mail Armor
33:47 Leather Archer Armor
35:13 Pirotechnia
35:25 Conscription
42:29 Thumb Ring
44:32 Gold Mining
44:32 Stone Mining
45:23 Crop Rotation
44:41 Arson
50:13 Treadmill Crane
50:23 Heated Shot
51:34 Bracer
55:33 Scale Barding Armor
55:58 Ring Archer Armor
56:15 Bloodlines
56:05 Husbandry
55:26 Light Cavalry
57:02 Hussar
61:37 Chain Barding Armor
69:55 Plate Barding Armor
Connection lost

Rejoining the realm…

Still unreachable

The connection could not be restored.

Session expired

The server has moved on; the page needs a fresh start.